 Dungeon Crawl Stone Soup version 0.31.0-11-ge490571c62 (webtiles) character file.

Game seed: 18383057293646765494

30 qw the Shooter (level 3, -1/18 (20) HPs)
             Began as a Deep Elf Hunter on Feb 4, 2024.
             Slain by a hobgoblin (3 damage)
             ... led by Robin
             ... on level 2 of the Dungeon.
             The game lasted 00:00:02 (647 turns).

qw the Shooter (Deep Elf Hunter)                     Turns: 647, Time: 00:00:03

HP:   -1/18 (20)    AC:  4    Str: 10    XL:     3   Next: 3%
MP:   5/5           EV: 12    Int: 13    God:
Gold: 49            SH:  0    Dex: 18    Spells: 2/2 levels left

rFire   . . .        a - +0 shortbow
rCold   . . .        (shield currently unavailable)
rNeg    . . .        c - +0 leather armour
rPois   .            f - +0 helmet
rElec   .            (no cloak)
rCorr   .            (no gloves)
SInv    .            (no boots)
Will    .....        (no amulet)
Stlth   ++           (no ring)
HPRegen 0.23/turn    (no ring)
MPRegen 0.09/turn

%: no passive effects
@: heavily drained
A: no striking features
a: no special abilities


You were on level 2 of the Dungeon.
You visited 1 branch of the dungeon, and saw 2 of its levels.

You collected 71 gold pieces.
You spent 22 gold pieces at shops.


   Skills:
 - Level 1.5 Fighting
 + Level 6.6 Ranged Weapons
 - Level 2.4 Dodging
 - Level 1.2 Stealth


You had 2 spell levels left.
You didn't know any spells.
Your spell library was empty.

Inventory:

Hand Weapons
 a - a +0 shortbow (weapon)
Armour
 c - a +0 leather armour (worn)
 f - a +0 helmet (worn)
Scrolls
 b - a scroll of identify {unknown}
Potions
 d - a potion of might {unknown}

Dungeon Overview and Level Annotations

Branches:
Dungeon (2/15)

Altars:

Shops:
D:1 *

Annotations:
D:2 Robin


Message History

You shoot an arrow. The arrow closely misses the goblin.
You hear a shout!
Robin roars a battlecry!
The goblin goes into a battle-frenzy!
The goblin hits you with a +0 dagger.
You shoot an arrow. The arrow hits the goblin!
You kill the goblin!
A hobgoblin comes into view.
You shoot an arrow. The arrow hits Robin!
Robin is heavily wounded.
You shoot an arrow. The arrow hits Robin.
Robin is severely wounded.
A goblin comes into view. It is wielding a +0 club.
Robin misses you.
You shoot an arrow. The arrow hits Robin.
Robin is severely wounded.
You shoot an arrow. The arrow closely misses Robin.
Robin hits you with a +0 dagger.
You shoot an arrow. The arrow barely misses Robin.
The hobgoblin hits you. Robin barely misses you.
You shoot an arrow. The arrow completely misses Robin.
Robin barely misses you. The hobgoblin hits you.
You shoot an arrow. The arrow barely misses Robin.
Robin barely misses you.
You shoot an arrow. The arrow barely misses Robin.
The hobgoblin misses you. The goblin misses you.
You shoot an arrow. The arrow barely misses Robin.
The hobgoblin closely misses you. The goblin hits you with a +0 club.
Robin laughs in a distinctly smug fashion.
Robin hits you but does no damage. The hobgoblin closely misses you.
Robin hits you with a +0 dagger. The goblin hits you with a +0 club.
You shoot an arrow.
The arrow hits Robin but does no damage.
Robin is severely wounded.
The hobgoblin barely misses you. The goblin closely misses you.
Robin completely misses you.
You shoot an arrow. The arrow hits Robin.
Robin is almost dead.
The hobgoblin hits you.
You die...

.............
.....#############
.....##........#..
.....##.######.#.#
.........# #.#.#
....###..# # #.#.#
..>...#..#.#.#.#.#
#..##.#..#......g###.#
...# .#..###.#.#@g.))#
.%### #......#.#g#####
....# #.###. #.#..
.##.# #.. .. ..#...
..#.# ## ######. ###.#
.# ....# # #####


You could see Robin, a hobgoblin (strong) and a goblin (strong).

Vanquished Creatures
  A ribbon worm (D:2)
  2 endoplasms (D:1)
  A giant cockroach (D:1)
  7 goblins
  5 hobgoblins
  A kobold (D:1)
  A quokka (D:1)
  A ball python (D:2)
  3 frilled lizards
  3 rats (D:1)
25 creatures vanquished.

Notes
Turn   | Place    | Note
-------+----------+-------------------------------------------
     0 | D:1      | qw the Deep Elf Hunter began the quest for the Orb.
     0 | D:1      | Reached XP level 1. HP: 12/12 MP: 3/3
     0 | D:1      | 0 ||| qw: Version: 0.3-a-160-g6735b56
     0 | D:1      | 0 ||| qw: Game counter: 4861
     0 | D:1      | 0 ||| qw: Melee chars always use a shield: true
     0 | D:1      | 0 ||| qw: God list: Okawaru
     0 | D:1      | 0 ||| qw: Allow faded altars: false
     0 | D:1      | 0 ||| qw: Do Orc after clearing Dungeon:15 true
     0 | D:1      | 0 ||| qw: Do second Lair branch before Depths: true
     0 | D:1      | 0 ||| qw: Lair rune preference: random
     0 | D:1      | 0 ||| qw: Goals: Normal
     0 | D:1      | 0 ||| PLANNING D:1-11
    38 | D:1      | Found a faded altar of an unknown god.
   122 | D:1      | Reached XP level 2. HP: 16/16 MP: 4/4
   148 | D:1      | Reached skill level 6 in Ranged Weapons
   304 | D:1      | Found Ofummo Gabae's Assorted Antiques.
   311 | D:1      | 311 ||| BUYING black potion (22 gold).
   311 | D:1      | Bought a black potion for 22 gold pieces
   421 | D:1      | 421 ||| UPGRADING to +0 helmet.
   426 | D:1      | 426 ||| READING scroll labelled NESEATH PORPHO.
   427 | D:1      | 427 ||| DRINKING 2 black potions.
   462 | D:1      | 462 ||| DROPPING scroll of butterflies.
   463 | D:1      | 463 ||| DROPPING potion of lignification.
   632 | D:2      | Reached XP level 3. HP: 17/17 MP: 5/5
   634 | D:2      | Noticed Robin
   645 | D:2      | HP: 4/18 [goblin/+0 club[Robin] (6)]
   645 | D:2      | HP: 1/18 [goblin/+0 club[Robin] (2)]
   647 | D:2      | Slain by a hobgoblin

Levels and vault maps discovered:
D:1:      lightli_arrival_flooded_house, layout_rooms, serial_shops,
          nicolae_shop_just_a_little_nook, chequers_ecumenical_altar_island
D:2:      layout_basic, serial_shops, shop, minmay_domino_2, uniq_natasha,
          uniq_robin

Skill      XL: |  1  2 |
---------------+-------+-----
Ranged Weapons | 6 |  6.6
Fighting       | |  1.5
Dodging        | |  2.4
Stealth        | |  1.2

Action                     || total
---------------------------++-------
   Fire: Shortbow          ||    73
    Use: Scroll            ||     1
         Potion            ||     1
 Armour: Leather armour    ||    15
  Dodge: Dodged            ||    14

Table legend:
 A = Non-vault XP
 B = Vault XP
 C = Vault XP percentage of total XP
 D = Non-vault monster count
 E = Vault monster count
 F = Vault count percentage of total count
                 A         B        C        D         E       F
            +---------+---------+-------+---------+---------+-------
      Total |      33 |      10 |  23.3 |      21 |       4 |  16.0
            +---------+---------+-------+---------+---------+-------
        D:1 |      27 |       0 |   0.0 |      17 |       0 |   0.0
        D:2 |       6 |      10 |  62.5 |       4 |       4 |  50.0
            +---------+---------+-------+---------+---------+-------
